 Dungeon Crawl Stone Soup version 0.18.1-48-g4cf74bf (webtiles) character file.

3252 sarahorange the Destroyer (level 9, -1/61 HPs)
             Began as a Demonspawn Conjurer on July 23, 2016.
             Was a Believer of Vehumet.
             Slain by a gnoll sergeant
             ... wielding a +0 spear
              (10 damage)
             ... on level 9 of the Dungeon.
             The game lasted 01:17:17 (7931 turns).

sarahorange the Destroyer (Demonspawn Conjurer)     Turns: 7931, Time: 01:17:17

Health: -1/61      AC: 20    Str: 14    XL:     9   Next: 67%
Magic:  19/30      EV: 13    Int: 20    God:    Vehumet [**....]
Gold:   383        SH:  0    Dex: 13    Spells: 7 memorised, 8 levels left

rFire  . . .     SeeInvis .     p - +4 mace (protect)
rCold  + . .     Gourm    .     a - +0 robe
rNeg   . . .     Faith    .     (no shield)
rPois  .         Spirit   .     (helmet restricted)
rElec  .         Dismiss  .     T - +2 cloak {+Inv}
rCorr  .         Reflect  .     x - +1 pair of gloves
SustAt .         Harm     .     n - +2 pair of boots {Stlth+}
MR     .....                    r - amulet of magic regeneration
Stlth  +++.......               e - ring of magical power
                                P - +3 ring of protection

@: mighty, not resistant to hostile enchantments, fairly stealthy
A: horns 2, slimy green scales 1, cold resistance 1, demonic guardian 1,
freezing cloud immunity
a: Renounce Religion, Evoke Invisibility


You were on level 9 of the Dungeon.
You worshipped Vehumet.
Vehumet was pleased with you.
You were not hungry.

You visited 2 branches of the dungeon, and saw 10 of its levels.

You collected 495 gold pieces.
You spent 112 gold pieces at shops.

Inventory:

Hand Weapons
 p - a +4 mace of protection (weapon)
 q - a +1 flail
 R - a +0 hunting sling
Missiles
 h - 132 sling bullets
 j - 268 stones (quivered)
 o - 11 poisoned needles
Armour
 a - a +0 robe (worn)
 n - a +2 pair of boots of stealth (worn)
 x - a +1 pair of gloves (worn)
 T - a +2 cloak of invisibility (worn)
Jewellery
 e - a ring of magical power (right hand)
 r - an amulet of magic regeneration (around neck)
 v - a +5 ring of strength
 M - an uncursed ring of resist corrosion
 P - a +3 ring of protection (left hand)
 Y - an uncursed ring of sustain attributes {unknown}
Wands
 y - a wand of teleportation (5/9)
 C - a wand of acid (7/15)
 J - a wand of slowing (7/48)
 X - a wand of random effects (16/48)
Scrolls
 d - 2 scrolls of teleportation
 f - 3 scrolls of identify
 A - 2 scrolls of immolation
 B - 2 scrolls of fear
 E - 4 scrolls of recharging
 L - 4 scrolls of remove curse
 S - a scroll of fog
Potions
 g - 4 potions of curing
 i - 2 potions of might
 k - 2 potions of brilliance {unknown}
 l - a potion of experience {unknown}
 m - 2 potions of heal wounds {unknown}
 s - a potion of mutation {unknown}
 t - a potion of lignification {unknown}
 u - 4 potions of flight
 z - 2 potions of degeneration {unknown}
 D - a potion of agility {unknown}
 F - a potion of invisibility {unknown}
 G - 2 potions of cure mutation {unknown}
 H - 2 potions of haste {unknown}
 N - 2 potions of cancellation {unknown}
 O - a potion of resistance {unknown}
 Q - a potion of magic {unknown}
 V - a potion of ambrosia {unknown}
Books
 b - a book of Conjurations

   Spells                             Type                      Level
   a - Magic Dart                     Conjuration                  1
   b - Searing Ray                    Conjuration                  2
   c - Dazzling Spray                 Conjuration/Hexes            3
   d - Fulminant Prism                Conjuration/Hexes            4
   e - Iskenderun's Mystic Blast      Conjuration                  4
   f - Iskenderun's Battlesphere      Conjuration/Charms           5
Comestibles
 c - 4 bread rations
 w - 3 meat rations
 I - a royal jelly
 K - 4 fruits


   Skills:
 + Level 1.9 Fighting
 + Level 0.1 Throwing
 + Level 3.9 Dodging
 + Level 3.5 Stealth
 * Level 8.6 Spellcasting
 * Level 8.9 Conjurations
 + Level 3.2 Hexes


You had 8 spell levels left.
You knew the following spells:

 Your Spells              Type           Power        Failure   Level  Hunger
a - Magic Dart            Conj           ####         1%          1    None
b - Searing Ray           Conj           #####.       1%          2    None
c - Dazzling Spray        Conj/Hex       ####..       1%          3    None
d - Fulminant Prism       Conj/Hex       ####......   10%         4    ###....
e - Freeze                Ice            #...         10%         1    None
f - Iskenderun's Battles  Conj/Chrm      ####....     38%         5    #####..
g - Sting                 Conj/Pois      ####         1%          1    None


Dungeon Overview and Level Annotations

Branches:
Dungeon (9/15) Temple (1/1) D:4 Lair (0/8) D:8 D:9 Orc: D:9-12

Altars:
Ashenzari
Cheibriados
Elyvilon
Fedhas
Kikubaaqudgha
Makhleb
Nemelex Xobeh
Okawaru
Pakellas
Qazlal
Ru
Sif Muna
Trog
Vehumet
Xom
Zin
The Shining One

Shops:
D:4 [   D:6 :   D:9 *

Annotations:
D:2 Robin
D:7 Prince Ribbit
D:8 Grum
D:9 Gastronok, Pikel


Innate Abilities, Weirdness & Mutations

You have a pair of horns on your head.
You are partially covered in slimy green scales (AC +2).
Your flesh is cold resistant.
A weak demonic guardian rushes to your aid.
You are immune to freezing clouds.


Message History

Pikel is severely wounded.
Pikel zaps a wand.
The bolt of lightning hits you!
* * * LOW HITPOINT WARNING * * *
Pikel hits you but does no damage.
Evoke which item? (* to show all) (? for menu, Esc to quit)
Zapping:
y - a wand of teleportation (6/9)
Press: ? - help, Shift-Dir - straight line, f - you, p - Pikel You feel strangely unstable.
This wand has 5 charges left.
Pikel hits you but does no damage.
Pikel scowls and wipes his hands on his robe.
Pikel zaps a wand.
Nothing appears to happen.
Your surroundings suddenly seem different.
A gnoll comes into view. It is wielding a halberd.
The gnoll shouts!
The gnoll sergeant shouts!
The gnoll shouts!
The gnoll completely misses you. The gnoll closely misses you.
The gnoll sergeant barely misses you.
A gnoll comes into view. It is wielding a whip.
The gnoll sergeant hits you but does no damage.
The gnoll sergeant hits you from afar with a spear!
You die...

#.......# #.......#
#.......# #.......#
#.......# ..n
#..##..g..g.# ....
#..##...g.g.#
....###..##.......#
.........##...@...#
.......##.......#
.....##.......#
#...##.......#
#.).##....<..#
#...##.......#
#...##.......#
#...##.......#
#.......###..#


You could see a gnoll sergeant and 3 gnolls.

Vanquished Creatures
  Grinder (D:3)
  Sigmund (D:3)
  2 hungry ghosts
  An ice beast (D:9)
  3 orc warriors (D:6)
  2 phantoms
  2 ogres
  A wolf (D:9)
  A centaur (D:5)
  2 giant frogs
  2 scorpions
  4 howler monkeys (D:7)
  A crimson imp (D:5)
  A giant frog zombie (D:8)
  2 jellies
  A centaur zombie (D:5)
  9 orc priests
  Crazy Yiuf (D:7)
  A gnoll shaman (D:9)
  4 hounds
  7 orc wizards
  A centaur skeleton (D:6)
  Jessica (D:3)
  Terence (D:3)
  An iguana (D:7)
  2 worker ants
  A hound skeleton (D:4)
  A worker ant zombie (D:5)
  5 gnolls (D:9)
  4 adders
  2 shadow imps (D:7)
  An ooze (D:3)
  An adder zombie (D:6)
  A worm (D:2)
  2 dart slugs
  A giant gecko (D:5)
  23 orcs
  7 bats
  2 giant cockroaches
  16 goblins
  4 hobgoblins
  11 jackals
  4 quokkas
  2 ball pythons
  5 giant newts
  10 kobolds
  5 rats
163 creatures vanquished.

Vanquished Creatures (collateral kills)
  Joseph (D:8)
  An orc warrior (D:7)
  A big kobold (D:9)
  A howler monkey (D:7)
  A quokka (D:3)
  A rat (D:3)
6 creatures vanquished.

Vanquished Creatures (others)
  A hound (D:6)
  A worker ant (D:9)
  8 fulminant prisms
10 creatures vanquished.

Grand Total: 179 creatures vanquished

Notes
Turn   | Place    | Note
--------------------------------------------------------------
     0 | D:1      | sarahorange the Demonspawn Conjurer began the quest for the Orb.
     0 | D:1      | Reached XP level 1. HP: 13/13 MP: 3/3
   349 | D:1      | Gained mutation: A weak demonic guardian rushes to your aid. [demonic ancestry]
   349 | D:1      | Reached XP level 2. HP: 19/19 MP: 3/5
   500 | D:1      | Learned a level 2 spell: Searing Ray
  1203 | D:2      | Reached XP level 3. HP: 24/24 MP: 1/6
  1393 | D:2      | Reached skill level 5 in Conjurations
  1475 | D:3      | Noticed Jessica
  1477 | D:3      | Killed Jessica
  1477 | D:3      | Gained mutation: You have a pair of small horns on your head. [demonic ancestry]
  1477 | D:3      | Reached XP level 4. HP: 30/30 MP: 3/7
  1497 | D:2      | Learned a level 3 spell: Dazzling Spray
  1534 | D:3      | Noticed Robin
  2128 | D:3      | Reached XP level 5. HP: 22/35 MP: 3/9
  2258 | D:3      | Noticed Grinder
  2265 | D:3      | Paralysed by Grinder for 2 turns
  2287 | D:3      | Killed Grinder
  2287 | D:3      | Gained mutation: Your flesh is cold resistant. [demonic ancestry]
  2287 | D:3      | Reached XP level 6. HP: 42/42 MP: 7/11
  2297 | D:3      | Found an iron altar of Okawaru.
  2308 | D:3      | Noticed Terence
  2310 | D:3      | Noticed Sigmund
  2326 | D:3      | Killed Terence
  2584 | D:3      | Killed Sigmund
  2760 | D:4      | Learned a level 4 spell: Fulminant Prism
  2865 | D:4      | Found a staircase to the Ecumenical Temple.
  2874 | Temple   | Entered the Ecumenical Temple
  3004 | D:4      | Found Ulun's Antique Armour Boutique.
  3007 | D:4      | Bought a pair of embroidered boots for 112 gold pieces
  3144 | D:4      | Gained mutation: You are partially covered in slimy green scales (AC +2). [demonic ancestry]
  3144 | D:4      | Reached XP level 7. HP: 38/47 MP: 13/13
  3557 | D:4      | Reached skill level 5 in Spellcasting
  3845 | D:4      | Found a sparkling altar of Nemelex Xobeh.
  3889 | D:4      | Found a glowing golden altar of the Shining One.
  3909 | D:5      | Entered Level 5 of the Dungeon
  4024 | D:5      | Found a radiant altar of Vehumet.
  4029 | D:5      | Became a worshipper of Vehumet
  4094 | D:5      | Reached skill level 1 in Fighting
  4770 | D:5      | Gained mutation: You are immune to freezing clouds. [demonic ancestry]
  4770 | D:5      | Reached XP level 8. HP: 54/54 MP: 16/16
  4859 | D:6      | Reached skill level 1 in Hexes
  5504 | D:6      | Found Hiyn Bedubb's Book Emporium.
  5548 | D:6      | Reached * piety under Vehumet
  5548 | D:6      | Offered knowledge of Freeze by Vehumet.
  5552 | D:6      | Learned a level 1 spell: Freeze
  5664 | D:6      | Learned a level 5 spell: Iskenderun's Battlesphere
  5856 | D:6      | Found a stormy altar of Qazlal.
  5945 | D:7      | Noticed Crazy Yiuf
  5954 | D:7      | Killed Crazy Yiuf
  6111 | D:7      | Gained mutation: You have a pair of horns on your head. [demonic ancestry]
  6111 | D:7      | Reached XP level 9. HP: 59/59 MP: 19/19
  6138 | D:7      | Noticed Prince Ribbit
  7247 | D:8      | Noticed Joseph
  7270 | D:8      | Killed Joseph
  7410 | D:9      | Found Wuone's General Store.
  7435 | D:9      | Noticed Gastronok
  7571 | D:8      | Found a staircase to the Lair.
  7571 | D:8      | Noticed Grum
  7620 | D:9      | Offered knowledge of Sting by Vehumet.
  7623 | D:9      | Learned a level 1 spell: Sting
  7882 | D:9      | Reached ** piety under Vehumet
  7899 | D:9      | Noticed Pikel
  7931 | D:9      | Slain by a gnoll sergeant

Skill      XL: |  1  2  3  4  5  6  7  8  9 |
---------------+----------------------------+-----
Conjurations   | 5 6 7 8 |  8.9
Dodging        | 2 3 |  3.9
Stealth        | 2 3 |  3.5
Spellcasting   | 3 4 5 7 8 |  8.6
Fighting       | 1 |  1.9
Hexes          | 3 |  3.2
Throwing       | |  0.1

Action                   |  1- 3 |  4- 6 |  7- 9 || total
-------------------------+-------+-------+-------++-------
Melee: Flail             |     3 |       |       ||     3
       Mace              |       |       |    13 ||    13
       Headbutt          |       |       |     3 ||     3
Throw: Stone             |     1 |       |     3 ||     4
 Cast: Magic Dart        |    67 |    59 |   165 ||   291
       Searing Ray       |     1 |    14 |    59 ||    74
       Fulminant Prism   |       |       |     8 ||     8
       Dazzling Spray    |       |       |     3 ||     3
Evoke: Wand              |       |     1 |     3 ||     4
  Use: Scroll            |       |    10 |     8 ||    18
       Potion            |       |     1 |     1 ||     2
  Eat: Chunk             |     3 |     5 |    13 ||    21
       Beef jerky        |       |       |     3 ||     3
       Pizza             |       |       |     1 ||     1
Armor: Robe              |     3 |     4 |    43 ||    50
Dodge: Dodged            |     4 |    22 |    59 ||    85
